 Dungeon Crawl Stone Soup version bcrawl-1.14.1-2-g116eac945c (webtiles) character file.

Game seed: 12729443310674749600

219 Fv001 the Digger (level 5, -5/41 HPs)
             Began as a Sand Dwarf Earth Elementalist on Sept 19, 2019.
             Slain by Menkaure (12 damage)
             ... on level 3 of the Dungeon.
             The game lasted 00:19:21 (4800 turns).

Fv001 the Digger (Sand Dwarf Earth Elementalist)    Turns: 4800, Time: 00:19:21

Health: -5/41      AC: 11    Str: 12    XL:     5   Next: 96%
Magic:  5/8        EV:  5    Int: 17    God:
Gold:   200        SH:  0    Dex: 11    Spells: 3/9 levels left

rFire    . . .     SeeInvis .   a - +0 flail (curse)
rCold    . . .     Gourm    .   (shield restricted)
rNeg     . . .     Faith    .   q - +0 plate armour
rPois    .         Spirit   .   w - +0 hat
rElec    .         Reflect  .   (no cloak)
rCorr    .         Harm     .   (no gloves)
MR       .....                  (no boots)
Stlth    ..........             i - amulet of rage
HPRegen  0.13/turn              p - ring of flight
MPRegen  0.11/turn              (no ring)

@: slow
A: small, slowness 1, armour attunement
a: Evoke Berserk Rage, Evoke Flight


You were on level 3 of the Dungeon.
You were not hungry.

You visited 1 branch of the dungeon, and saw 4 of its levels.

You collected 200 gold pieces.

Inventory:

Hand Weapons
 a - a cursed +0 flail (weapon)
 b - a +0 dagger
Missiles
 g - 16 stones (quivered)
Armour
 c - a +0 robe
 h - a +0 chain mail
 q - a +0 plate armour (worn)
 w - a +0 hat (worn)
 x - a +0 shield
Jewellery
 i - an amulet of rage (around neck)
 p - a ring of flight (left hand)
Scrolls
 l - a scroll of immolation {unknown}
 n - 3 scrolls of remove curse
 s - a scroll of enchant weapon {unknown}
 t - 2 scrolls of fear {unknown}
 v - a scroll of noise {unknown}
 y - a scroll of amnesia {unknown}
Potions
 e - a potion of resistance {unknown}
 f - a potion of degeneration {unknown}
 j - a potion of might {unknown}
 k - a potion of lignification {unknown}
 m - 2 potions of ambrosia {unknown}
 o - a potion of brilliance {unknown}
 r - 2 potions of mutation {unknown}
 u - a potion of heal wounds {unknown}
 z - 2 potions of curing
 B - a potion of agility {unknown}
Comestibles
 d - 5 rations {!d}


   Skills:
 + Level 1.7 Fighting
 - Level 0.2 Short Blades
 + Level 2.2 Maces & Flails
 + Level 2.4 Armour
 + Level 2.1 Dodging
 - Level 1.6 Stealth
 + Level 0.6 Shields
 + Level 2.6 Spellcasting
 + Level 0.6 Conjurations
 + Level 1.4 Transmutations
 * Level 4.7 Earth Magic


You had 3 spell levels left.
You knew the following spells:

 Your Spells              Type           Power        Failure   Level  Hunger
a - Sandblast             Erth           ###...       2%          1    #......
b - Passwall              Tmut/Erth      ##......     8%          2    ##.....
c - Stone Arrow           Conj/Erth      ##....       19%         3    ###....

Your spell library contained the following spells:

 Spells                   Type           Power        Failure   Level  Hunger
 Petrify                  Tmut/Erth      ##......     45%         4    #####..
 Lee's Rapid Deconstruct  Erth           ###.......   58%         5    ######.


Dungeon Overview and Level Annotations

Branches:
Dungeon (4/12)
 Temple: D:4-7

Altars:
Lugonu
Xom
Zin

Annotations:
D:3 Menkaure
D:4 Edmund, Grinder


Innate Abilities, Weirdness & Mutations

You are small and have problems with some larger weapons.
You cover ground slowly.
Armour does not affect your spellcasting.


Message History

g - 26 stones Menkaure hits you!!
Casting: Sandblast (safe; 2% risk of failure)
Confirm with . or Enter, or press ? or * to list all spells.
Aiming: Sandblast (safe; 2% risk of failure)
Press: ? - help, Shift-Dir - straight line, f/p - Menkaure
Aim: Menkaure (severely damaged)
The blast of sand hits Menkaure.
Menkaure is almost destroyed.
g - 16 stones You are starving!
Menkaure hits you!
* * * LOW HITPOINT WARNING * * *
You don't have the energy to cast that spell.
You aren't carrying any items that you can evoke.
Okay, then.
Okay, then.
You eat one of the 6 rations {!d}.
That ration really hit the spot!
Menkaure hits you!
You die...

# # # ######## #########
##############.......
........#####...@M.........######
.....##....##.###########..# ##
.###.##.)..##.#......^..#..#####.
.# #.##....##.#.#####..........#.
.# #.##....##...# #....#.....#.
.# #.##....###### #....########
.# #.##.#### #....'.......
.###.##.# ####....########
...#+##.# #....#####


You could see Menkaure.

Vanquished Creatures
  A crimson imp (D:3)
  A hound (D:2)
  6 adders
  An ooze (D:3)
  2 worms
  4 dart slugs
  2 leopard geckos
  5 orcs
  4 giant cockroaches
  10 goblins
  13 hobgoblins
  3 jackals (D:1)
  14 kobolds
  2 quokkas (D:3)
  5 bats
  2 frilled lizards (D:1)
  7 rats
82 creatures vanquished.

Notes
Turn   | Place    | Note
-------+----------+-------------------------------------------
     0 | D:1      | Fv001 the Sand Dwarf Earth Elementalist began the quest for
                  | the Orb.
     0 | D:1      | Reached XP level 1. HP: 14/14 MP: 3/3
   151 | D:1      | Reached XP level 2. HP: 22/22 MP: 1/5
   155 | D:1      | Learned a level 2 spell: Passwall
   523 | D:1      | Reached skill level 1 in Armour
   581 | D:1      | Reached skill level 4 in Earth Magic
  1084 | D:1      | Reached skill level 1 in Transmutations
  1084 | D:1      | Reached XP level 3. HP: 27/27 MP: 2/6
  1894 | D:1      | Learned a level 3 spell: Stone Arrow
  1968 | D:2      | Reached skill level 1 in Fighting
  2046 | D:2      | Reached skill level 1 in Maces & Flails
  2283 | D:2      | Found a glowing silver altar of Zin.
  2427 | D:2      | Reached XP level 4. HP: 35/35 MP: 2/7
  2624 | D:2      | Found a corrupted altar of Lugonu.
  3412 | D:3      | Reached XP level 5. HP: 40/40 MP: 1/8
  4056 | D:3      | Found a shimmering altar of Xom.
  4395 | D:4      | Noticed Menkaure
  4397 | D:4      | Noticed Grinder
  4701 | D:4      | Noticed a big kobold
  4740 | D:4      | Noticed Edmund
  4800 | D:3      | Slain by Menkaure

Skill      XL: |  1  2  3  4  5 |
---------------+----------------+-----
Armour         | 1 2 |  2.4
Earth Magic    | 4 |  4.7
Transmutations | 1 |  1.4
Fighting       | 1 |  1.7
Maces & Flails | 1 2 |  2.2
Dodging        | 2 |  2.1
Short Blades   | |  0.2
Stealth        | |  1.6
Shields        | |  0.6
Spellcasting   | |  2.6
Conjurations   | |  0.6

Action                   |  1- 3 |  4- 6 || total
-------------------------+-------+-------++-------
Melee: Unarmed           |     1 |       ||     1
       Mace              |    91 |    97 ||   188
       Dagger            |     3 |       ||     3
       Flail             |       |    55 ||    55
 Cast: Sandblast         |    29 |    16 ||    45
       Passwall          |     5 |       ||     5
       Stone Arrow       |     7 |    27 ||    34
  Use: Scroll            |     3 |       ||     3
 Stab: Sleeping          |     3 |       ||     3
  Eat: Chunk             |     7 |    11 ||    18
       Ration            |       |     1 ||     1
Armor: Chain mail        |    43 |       ||    43
       Plate armour      |    10 |   154 ||   164
Dodge: Dodged            |    56 |    61 ||   117
